 Dungeon Sprint DCSS version 0.22-a0-362-g535178c (webtiles) character file.

475 FredericMitz the Fighter (level 6, -1/62 HPs)
             Began as a Minotaur Fighter on Apr 19, 2018.
             Was an Initiate of Makhleb.
             Succumbed to Sonja's curare-tipped needle
             ... in the Dungeon (Sprint I: "Red Sonja").
             The game lasted 00:03:05 (100 turns).

FredericMitz the Fighter (Minotaur Fighter)          Turns: 100, Time: 00:03:05

Health: -1/62      AC:  8    Str: 22    XL:     6   Next: 84%
Magic:  5/5        EV: 12    Int:  5    God:    Makhleb [......]
Gold:   138        SH:  0    Dex: 10    Spells: 5/5 levels left

rFire    . . .     SeeInvis .   a - +0 long sword
rCold    . . .     Gourm    .   c - +0 shield
rNeg     . . .     Faith    .   b - +0 scale mail
rPois    .         Spirit   .   (helmet restricted)
rElec    .         Reflect  .   (no cloak)
rCorr    .         Harm     .   (no gloves)
MR       .....     NoTele   +   (no boots)
Stlth    ..........             (no amulet)
HPRegen  0.20/turn              (no ring)
MPRegen  0.09/turn              (no ring)

@: confused, lethally poisoned (-1 -> -74), berserk cooldown, slowed, very slow
A: retaliatory headbutt, horns 2
a: Renounce Religion


You were in the Dungeon.
You worshipped Makhleb.
Makhleb was noncommittal.
You were not hungry.

You visited 1 branch You collected 138 gold pieces.

Inventory:

Hand Weapons
 a - a +0 long sword (weapon)
Armour
 b - a +0 scale mail (worn)
 c - a +0 shield (worn)
Scrolls
 k - a scroll of blinking
Potions
 h - a potion of haste
 i - 2 potions of magic
Comestibles
 f - a ration


   Skills:
 + Level 8.7 Fighting
 + Level 8.2 Long Blades
 + Level 8.7 Armour
 + Level 7.1 Dodging
 + Level 8.7 Shields


You had 5 spell levels left.
You didn't know any spells.

Dungeon Overview and Level Annotations

Branches:
Dungeon (1/1)

Altars:
Makhleb
Sif Muna
Vehumet
Wu Jian
Xom
Jiyva
Lugonu

Annotations:
D Sonja


Innate Abilities, Weirdness & Mutations

You reflexively headbutt those who attack you in melee.
You have a pair of horns on your head.


Message History

Sonja zaps a wand.
Your will is overpowered!
You are more confused.
Sonja unwields an uncursed short sword of venom.
It stops dripping with poison.
Sonja wields an uncursed blowgun.
Sonja shoots a curare-tipped needle.
The curare-tipped needle hits you.
You are more poisoned.
You have difficulty breathing.
* * * LOW HITPOINT WARNING * * *
You feel as though you will be slow longer.
You feel a strong urge to attack something.
* * * LOW HITPOINT WARNING * * *
You feel extremely sick.
There is a radiant altar of Vehumet here.
You're too confused!
* * * LOW HITPOINT WARNING * * *
You feel very sick.
You feel your anger nearly subside.
You are no longer berserk.
You are exhausted.
You feel as though you will be slow longer.
You die...

###################
#<.#..)..#..'..#__#
#..'[.#..').#..'..+
#..#####+#####'#__#
#..# #.#### #..#
##.# #..# #+#_.+
#⌠⌠# +.((_# ####
#@.#'# ##(#(# #K###
$.$ #$.$# ##.## #+#


You could see Sonja.

Vanquished Creatures
  A slime creature (D)
  Sigmund (D)
  An ogre (D)
  A jelly (D)
  Ijyb (D)
5 creatures vanquished.

Notes
Turn   | Place    | Note
-------+----------+-------------------------------------------
     0 | D        | FredericMitz the Minotaur Fighter began the quest for the Orb.
     0 | D        | Reached XP level 1. HP: 19/19 MP: 0/0
     1 | D        | Noticed Ijyb
    23 | D        | Killed Ijyb
    23 | D        | Reached XP level 2. HP: 18/28 MP: 1/1
    30 | D        | Noticed an ogre
    34 | D        | Killed an ogre
    34 | D        | Reached skill level 5 in Long Blades
    34 | D        | Reached XP level 3. HP: 26/37 MP: 2/2
    34 | D        | Reached XP level 4. HP: 31/44 MP: 3/3
    38 | D        | Noticed Sigmund
    41 | D        | Killed Sigmund
    41 | D        | Reached skill level 5 in Dodging
    41 | D        | Reached XP level 5. HP: 31/52 MP: 4/4
    41 | D        | Reached XP level 6. HP: 36/60 MP: 5/5
    51 | D        | Found a burning altar of Makhleb.
    51 | D        | Found a viscous altar of Jiyva.
    51 | D        | Found a shimmering altar of Xom.
    51 | D        | Found a corrupted altar of Lugonu.
    51 | D        | Noticed a slime creature
    55 | D        | Killed a slime creature
    63 | D        | Became a worshipper of Makhleb the Destroyer
    71 | D        | Found an ornate altar of the Wu Jian Council.
    71 | D        | Found a deep blue altar of Sif Muna.
    77 | D        | Found a radiant altar of Vehumet.
    86 | D        | Noticed Sonja
   100 | D        | Succumbed to Sonja's curare-tipped needle

Vault maps used:
D:        dungeon_sprint_1

Skill      XL: |  1  2  3  4  5  6 |
---------------+-------------------+-----
Fighting       | 4 6 7 8 |  8.7
Long Blades    | 3 5 7 8 |  8.2
Armour         | 4 6 7 8 |  8.7
Dodging        | 2 4 5 7 |  7.1
Shields        | 4 6 7 8 |  8.7

Action                   |  1- 3 |  4- 6 || total
-------------------------+-------+-------++-------
Melee: Long sword        |    24 |    11 ||    35
       Headbutt          |     3 |     2 ||     5
  Use: Potion            |     1 |     3 ||     4
Armor: Scale mail        |     7 |     8 ||    15
Dodge: Dodged            |     7 |     8 ||    15
Block: Shield            |    12 |     2 ||    14
       Rpst.: Long sword |     2 |     2 ||     4

Table legend:
 A = Spawn XP
 B = Non-spawn XP
 C = Spawn XP percentage of total XP
 D = Spawn monster count
 E = Non-spawn monster count
 F = Spawn count percentage of total count
 G = Total turns spent on level
                    A         B        C        D         E        F      G
               +---------+---------+-------+---------+---------+-------+---------
         Total |       0 |     679 |   0.0 |       0 |       5 |   0.0 |   100
               +---------+---------+-------+---------+---------+-------+---------
             D |       0 |     679 |   0.0 |       0 |       5 |   0.0 |   100
               +---------+---------+-------+---------+---------+-------+---------
